 Dungeon Crawl Stone Soup version 0.29.0-4-gdea44cf6ec (webtiles) character file.

Game seed: 3847667290963391948

58 qw the Chopper (level 4, -1/26 HPs)
             Began as a Tengu Warper on Aug 28, 2022.
             Slain by a gnoll
             ... wielding a +0 spear
              (3 damage)
             ... on level 2 of the Dungeon.
             The game lasted 00:00:07 (1553 turns).

qw the Chopper (Tengu Warper)                       Turns: 1553, Time: 00:00:08

Health: -1/26      AC:  6    Str: 13    XL:     4   Next: 2%
Magic:  8/8        EV:  9    Int: 13    God:
Gold:   66         SH:  0    Dex: 14    Spells: 7/7 levels left

rFire   . . .      SeeInvis .   Y - +0 hand axe
rCold   . . .      Faith    .   (no shield)
rNeg    . . .      Spirit   .   g - +0 scale mail
rPois   .          Reflect  .   (helmet restricted)
rElec   .          Harm     .   (no cloak)
rCorr   .          Rampage  .   (no gloves)
Will    +....                   (boots unavailable)
Stlth   ..........              (no amulet)
HPRegen 0.08/turn               j - ring of willpower
MPRegen 0.11/turn               (no ring)

@: no status effects
A: beak, talons 3
a: no special abilities


You were on level 2 of the Dungeon.
You visited 1 branch of the dungeon, and saw 2 of its levels.

You collected 66 gold pieces.


Innate Abilities, Weirdness & Mutations

You have a beak for a mouth.
You have claws for feet.


   Skills:
 - Level 2.0 Fighting
 + Level 4.6 Axes
 - Level 1.0 Throwing
 - Level 1.1 Armour
 - Level 2.1 Dodging
 - Level 2.0 Spellcasting
 - Level 2.4 Translocations


You had 7 spell levels left.
You didn't know any spells.
Your spell library contained the following spells:

 Spells                   Type           Power      Damage    Failure   Level
 Blink                    Tloc           14%        N/A       56%         2
 Gell's Gravitas          Tloc           7%         N/A       80%         3
 Lesser Beckoning         Tloc           7%         N/A       80%         3
 Teleport Other           Tloc           7%         N/A       80%         3
 Manifold Assault         Tloc           7%         N/A       100%        5

Inventory:

Hand Weapons
 m - a +0 club
 Y - a +0 hand axe (weapon)
Armour
 g - a +0 scale mail (worn)
Jewellery
 j - a ring of willpower (left hand)
Scrolls
 b - a scroll of vulnerability {unknown}
 h - a scroll of identify
Potions
 a - a potion of flight {unknown}
 e - a potion of haste {unknown}
 f - a potion of brilliance {unknown}
 i - a potion of berserk rage {unknown}
 k - a potion of curing
 l - a potion of ambrosia {unknown}
 n - 2 potions of degeneration {unknown}

Dungeon Overview and Level Annotations

Branches:
Dungeon (2/15)

Altars:


Message History

You start resting.
A goblin comes into view. It is wielding a +0 dagger.
1470 ||| FLEEEEING.
You start resting.
HP restored.
A gnoll comes into view. It is wielding a +0 spear.
The gnoll shouts!
You hear a shout! x3
A gnoll comes into view. It is wielding a +0 whip.
The gnoll shouts!
Found a scroll of identify.
Found a stone staircase leading up.
The goblin shouts!
A kobold comes into view. It is wielding a +0 whip.
The gnoll hits you from afar with a +0 spear.
Things that are here:
a +0 club; a goblin corpse; an adder corpse
Enter note: A gnoll comes into view. It is wielding a +0 halberd.
The gnoll hits you but does no damage.
There is a stone staircase leading down here.
You hit the gnoll.
The gnoll is heavily wounded.
You barely miss the gnoll. The gnoll hits you with a +0 whip.
The gnoll hits you with a +0 spear.
An adder comes into view.
You hit the gnoll but do no damage. Your kick misses the gnoll.
Your peck misses the gnoll.
The gnoll is heavily wounded.
You barely miss the gnoll. The gnoll hits you but does no damage.
The gnoll hits you with a +0 spear.
You hit the gnoll. Your kick misses the gnoll.
The gnoll is heavily wounded.
You hit the gnoll. The gnoll hits you with a +0 whip.
The gnoll hits you with a +0 spear.
A hobgoblin comes into view. It is wielding a +0 spear.
The hobgoblin shouts!
You hit the gnoll.
The gnoll is almost dead.
You hit the gnoll but do no damage. The gnoll hits you but does no damage.
The gnoll hits you with a +0 spear.
You die...

. .. ... ....
.....
###########..:...
#.......)@gg.....
#.#######.gK.....
#.# #?#g.S... #.#
#.##.#.## #.# ...
...<# #.# #..
...g #.# .... ...
#.# ##.. ... #.#


You could see 3 gnolls, an adder, a hobgoblin, a goblin and a kobold.

Vanquished Creatures
  2 adders (D:2)
  A worm (D:2)
  2 dart slugs (D:1)
  3 ball pythons
  6 endoplasms
  3 giant cockroaches
  5 goblins
  A hobgoblin (D:1)
  A quokka (D:2)
  4 bats (D:1)
  2 rats (D:1)
30 creatures vanquished.

Notes
Turn   | Place    | Note
-------+----------+-------------------------------------------
     0 | D:1      | qw the Tengu Warper began the quest for the Orb.
     0 | D:1      | Reached XP level 1. HP: 12/12 MP: 4/4
     0 | D:1      | 0 ||| qw: Version: 0.1-a-89-g26bdef1
     0 | D:1      | 0 ||| qw: Game counter: 472
     0 | D:1      | 0 ||| qw: Always use a shield: true
     0 | D:1      | 0 ||| qw: God list: Okawaru
     0 | D:1      | 0 ||| qw: Allow faded altars: false
     0 | D:1      | 0 ||| qw: Do Orc after D:15 true
     0 | D:1      | 0 ||| qw: Do second Lair branch before Depths: true
     0 | D:1      | 0 ||| qw: Lair rune preference: random
     0 | D:1      | 0 ||| qw: Plans: Normal
     0 | D:1      | 0 ||| PLANNING D:1-11
    94 | D:1      | 94 ||| Stepping ~*~*~tactically~*~*~ (hiding).
   201 | D:1      | 201 ||| Stepping ~*~*~tactically~*~*~ (hiding).
   206 | D:1      | Reached skill level 3 in Axes
   206 | D:1      | Reached XP level 2. HP: 17/17 MP: 6/6
   432 | D:1      | 432 ||| Stepping ~*~*~tactically~*~*~ (stealth).
  1039 | D:1      | Reached XP level 3. HP: 21/21 MP: 7/7
  1172 | D:1      | 1172 ||| UPGRADING to +0 scale mail.
  1182 | D:1      | 1182 ||| DROPPING +0 leather armour.
  1183 | D:1      | 1183 ||| UPGRADING to ring of willpower.
  1184 | D:1      | 1184 ||| READING 3 scrolls labelled BAOQYA IGOUBA.
  1185 | D:1      | 1185 ||| READING 2 scrolls labelled YWNIST MUWETUE.
  1186 | D:1      | 1186 ||| DRINKING 2 pink potions.
  1187 | D:1      | 1187 ||| DROPPING 2 scrolls of magic mapping.
  1188 | D:1      | 1188 ||| DROPPING scroll of blinking.
  1236 | D:2      | Reached skill level 4 in Axes
  1458 | D:2      | Reached XP level 4. HP: 19/26 MP: 8/8
  1470 | D:2      | 1470 ||| FLEEEEING.
  1552 | D:2      | HP: 5/26 [gnoll/+0 whip (3)]
  1552 | D:2      | HP: 2/26 [gnoll/+0 spear (3)]
  1553 | D:2      | Slain by a gnoll

Levels and vault maps discovered:
D:1:      onia_arrival_mini_spirals, layout_basic, nrook_mini_vaults,
          chequers_arboretum
D:2:      layout_basic, basic_altar, nicolae_ecumenical_snake_handling,
          serial_corexii_hall, corexii_hall_statues_i,
          chequers_hall_statues_corner_a, uniq_crazy_yiuf_cottage

Skill      XL: |  1  2  3 |
---------------+----------+-----
Axes           | 3 4 |  4.6
Fighting       | |  2.0
Throwing       | |  1.0
Armour         | |  1.1
Dodging        | |  2.1
Spellcasting   | |  2.0
Translocations | |  2.4

Action                   |  1- 3 |  4- 6 || total
-------------------------+-------+-------++-------
Melee: Hand axe          |    61 |     6 ||    67
       Kick              |    13 |       ||    13
       Peck              |    11 |       ||    11
Throw: Boomerang         |     7 |       ||     7
  Use: Scroll            |     2 |       ||     2
       Potion            |     1 |       ||     1
Armor: Leather armour    |     3 |       ||     3
       Scale mail        |    10 |     4 ||    14
Dodge: Dodged            |    31 |       ||    31

Table legend:
 A = Non-vault XP
 B = Vault XP
 C = Vault XP percentage of total XP
 D = Non-vault monster count
 E = Vault monster count
 F = Vault count percentage of total count
                 A         B        C        D         E       F
            +---------+---------+-------+---------+---------+-------
      Total |      84 |       0 |   0.0 |      30 |       0 |   0.0
            +---------+---------+-------+---------+---------+-------
        D:1 |      39 |       0 |   0.0 |      20 |       0 |   0.0
        D:2 |      45 |       0 |   0.0 |      10 |       0 |   0.0
            +---------+---------+-------+---------+---------+-------
